 Dungeon Crawl Stone Soup version 0.20-b1 (webtiles) character file.

7226 Gorice the Destroyer (level 11, -4/64 HPs)
             Began as a Tengu Air Elementalist on May 19, 2017.
             Was a Believer of Sif Muna.
             Slain by a skeletal warrior
             ... wielding a +0 halberd
             ... led by a skeletal warrior
              (19 damage)
             ... on level 9 of the Dungeon.
             The game lasted 01:00:56 (12115 turns).

Gorice the Destroyer (Tengu Air Elementalist)      Turns: 12115, Time: 01:00:57

Health: -4/64      AC:  6    Str:  9    XL:     11   Next: 11%
Magic:  3/33       EV: 12    Int: 19    God:    Sif Muna [**....]
Gold:   547        SH:  0    Dex: 14    Spells: 8/27 levels left

rFire    . . .     SeeInvis .   a - +1 dagger (venom)
rCold    . . .     Gourm    .   (no shield)
rNeg     . . .     Faith    .   G - +2 robe {Archmagi}
rPois    .         Spirit   .   (helmet restricted)
rElec    .         Reflect  .   L - +0 cloak
rCorr    .         Harm     .   k - +0 pair of gloves
MR       .....                  (boots unavailable)
Stlth    +++.......             M - amulet of magic regeneration
Regen    0.2/turn               n - ring of stealth
MPRegen  0.4/turn               z - ring of magical power

@: no status effects
A: beak, talons 3, able to fly 1
a: Fly, Divine Energy, Renounce Religion


You were on level 9 of the Dungeon.
You worshipped Sif Muna.
Sif Muna was pleased with you.
You were very hungry.

You visited 2 branches of the dungeon, and saw 10 of its levels.

You collected 547 gold pieces.

Inventory:

Hand Weapons
 a - a +1 dagger of venom (weapon)
   (You took it off a goblin on level 3 of the Dungeon)
 f - a +3 scimitar
 v - a +0 quarterstaff
 y - a +1 dagger of speed
   (You took it off an orc wizard on level 4 of the Dungeon)
 A - a +0 great sword
 D - a +1 dagger of protection
   (You took it off an orc wizard on level 7 of the Dungeon)
 F - a +1 whip of freezing
   (You took it off Pikel on level 6 of the Dungeon)
 R - a +2 scimitar
Missiles
 p - 68 bolts
 B - 6 javelins
 I - 3 tomahawks (quivered)
 Z - 279 stones
Armour
 k - a +0 pair of gloves (worn)
 l - a +0 ring mail
 G - a +2 robe of the Archmagi (worn)
   (You took it off Pikel on level 6 of the Dungeon)
 L - a +0 cloak (worn)
Jewellery
 n - a ring of stealth (left hand)
 s - an uncursed ring of positive energy
 u - an uncursed ring of ice
 z - a ring of magical power (right hand)
 M - an amulet of magic regeneration (around neck)
 N - an uncursed amulet of rage
Wands
 e - a wand of lightning (0/15)
 C - a wand of confusion (29/48)
 K - a wand of lightning (9/15)
Scrolls
 m - 3 scrolls of teleportation {!r}
 q - 3 scrolls of remove curse
 w - 3 scrolls of identify
 x - 3 scrolls of amnesia
 H - a scroll of fear {unknown}
 O - a scroll of magic mapping {!r}
 Q - a scroll of recharging
 T - a scroll of enchant armour {unknown}
Potions
 h - a potion of ambrosia
 i - 2 potions of agility {!q}
 j - 7 potions of curing
 r - 2 potions of flight
 E - 2 potions of mutation {!q}
 J - a potion of haste {!q}
Books
 b - a book of Air
 t - a book of Callings
 P - a book of Maledictions
Comestibles
 c - 4 bread rations {!e}
 d - 3 royal jellies
 g - 3 meat rations {!e}
 o - 12 fruits


   Skills:
 + Level 5.2 Fighting
 - Level 2.1 Dodging
 - Level 2.0 Stealth
 + Level 8.9 Spellcasting
 - Level 11.0 Conjurations
 + Level 6.5 Summonings
 - Level 11.0 Air Magic


You had 8 spell levels left.
You knew the following spells:

 Your Spells              Type           Power        Failure   Level  Hunger
a - Shock                 Conj/Air       ####         1%          1    None
b - Static Discharge      Conj/Air       ######..     1%          3    None
c - Airstrike             Air            ######....   1%          4    ###....
d - Lightning Bolt        Conj/Air       ######....   2%          5    #####..
e - Summon Lightning Spi  Summ/Air       ######..     2%          4    ###....
S - Swiftness             Chrm/Air       #####...     1%          2    None


Dungeon Overview and Level Annotations

Branches:
Dungeon (9/15)             Temple (1/1) D:7            Lair (0/6) D:9
    Orc: D:9-12

Altars:
Ashenzari
Cheibriados
Dithmenos
Elyvilon
Fedhas
Gozag
Hepliaklqana
Kikubaaqudgha
Makhleb
Nemelex Xobeh
Okawaru
Qazlal
Ru
Sif Muna
Trog
Uskayaw
Vehumet
Xom
Yredelemnul
Zin
The Shining One

Annotations:
D:4 Blork the orc
D:9 exclusion: 2 skeletal warriors


Innate Abilities, Weirdness & Mutations

You have a beak for a mouth.
You have claws for feet.
You can fly.


Message History

The bolt of lightning misses the skeletal warrior.
You are feeling very hungry.
Casting: Lightning Bolt
Confirm with . or Enter, or press ? or * to list all spells.
You don't have enough magic to cast that spell.
Casting: Lightning Bolt
Confirm with . or Enter, or press ? or * to list all spells.
Aiming: Airstrike
Press: ? - help, Dir - move target cursor, f/p - skeletal warrior
Aim: a skeletal warrior, wielding a halberd (severely damaged)
You feel a surge of power!
The air twists around and strikes the skeletal warrior!
The skeletal warrior is severely damaged.
The skeletal warrior hits you from afar with a halberd.
Damage: 1 (max 1)
Casting: Airstrike
Confirm with . or Enter, or press ? or * to list all spells.
You don't have enough magic to cast that spell.
There's nothing to close nearby.
Evoke which item? (* to show all) (? for menu, Esc to quit)
Aiming: Lightning Bolt (will waste charges)
Press: ? - help, Shift-Dir - straight line, f/p - skeletal warrior
Aim: a skeletal warrior, wielding a halberd (severely damaged)
You hear a mighty clap of thunder!
The bolt of lightning misses the skeletal warrior.
Evoking this partially-identified wand wasted a few charges.
The skeletal warrior hits you from afar with a halberd.
Damage: 6 (max 6) Evoke which item? (* to show all) (? for menu, Esc to quit)
Aiming: Lightning Bolt (will waste charges)
Press: ? - help, Shift-Dir - straight line, f/p - skeletal warrior
Aim: a skeletal warrior, wielding a halberd (severely damaged)
You hear a mighty clap of thunder!
The bolt of lightning misses the skeletal warrior.
Evoking this partially-identified wand wasted a few charges.
The skeletal warrior hits you from afar with a halberd.
Damage: 3 (max 6) Evoke which item? (* to show all) (? for menu, Esc to quit)
Aiming: Lightning Bolt (will waste charges)
Press: ? - help, Shift-Dir - straight line, f/p - skeletal warrior
Aim: a skeletal warrior, wielding a halberd (severely damaged) Nothing appears to happen.
The skeletal warrior hits you from afar with a halberd!!
* * * LOW HITPOINT WARNING * * *
Damage: 24 (max 24)
The skeletal warrior hits you from afar with a halberd!
* * * LOW HITPOINT WARNING * * *
Damage: 15 (max 24)
The skeletal warrior hits you from afar with a halberd!!
You die...

........#................#.......
.######.#................#....)..
.# #.#................'.####). .#
#.#)....############.####..
.######.###'##############.......
...............#.........#.......
...........###.#.........########
...........# #.#.................
.......<...# #.#@................
...........# #.#.....).).........
...........# #.#..z>.............
...........###.#.........z.......
...............##################
......########## #..........
......# #.######... ......# #.#
#... ..###.# #.# #...


You could see a skeletal warrior.

Vanquished Creatures
  A two-headed ogre (D:8)
  2 skeletal warriors (D:9)
  Pikel (D:6)
  A komodo dragon (D:9)
  Grinder (D:6)
  A hippogriff (D:8)
  2 hungry ghosts (D:9)
  Menkaure (D:6)
  2 water moccasins
  4 orc warriors
  An ice beast (D:6)
  2 sky beasts
  3 phantoms
  5 ogres
  2 centaurs
  4 bullfrogs
  2 gnoll sergeants
  2 scorpions (D:9)
  9 wights
  2 howler monkeys
  A bullfrog zombie (D:8)
  A centaur zombie (D:7)
  3 crimson imps
  The ghost of asdu the Sneak, a weakling VSAs (D:3)
  6 hounds
  2 orc priests
  2 bullfrog skeletons
  5 jellies
  Crazy Yiuf (D:7)
  5 orc wizards
  2 iguanas
  Natasha (thrice) (D:3)
  7 worker ants
  A hound zombie (D:7)
  A hound skeleton (D:9)
  7 gnolls
  A howler monkey skeleton (D:8)
  12 adders
  2 shadow imps
  2 oozes
  An adder zombie (D:8)
  An adder skeleton (D:5)
  7 worms
  2 dart slugs (D:2)
  6 leopard geckos
  16 orcs
  A ball python (D:2)
  11 bats
  9 giant cockroaches
  5 goblins
  3 hobgoblins
  4 jackals (D:5)
  7 quokkas
  8 frilled lizards
  A jackal zombie (D:6)
  5 kobolds
  9 rats
209 creatures vanquished.

Vanquished Creatures (others)
  2 slaves (D:6)
  An orc wizard (D:6)
  An adder (D:6)
4 creatures vanquished.

Grand Total: 213 creatures vanquished

Notes
Turn   | Place    | Note
-------+----------+-------------------------------------------
     0 | D:1      | Gorice the Tengu Air Elementalist began the quest for the Orb.
     0 | D:1      | Reached XP level 1. HP: 10/10 MP: 4/4
    50 | D:1      | Reached skill level 2 in Conjurations
    50 | D:1      | Reached XP level 2. HP: 15/15 MP: 1/6
    51 | D:1      | --1st kill = gnoll -> lvl2!
   245 | D:1      | Reached skill level 3 in Conjurations
   350 | D:1      | Reached XP level 3. HP: 19/19 MP: 5/7
   890 | D:2      | You fall through a shaft!
  1046 | D:3      | Learned a level 3 spell: Static Discharge
  1153 | D:3      | Noticed a bullfrog
  1370 | D:2      | Reached skill level 4 in Conjurations
  1533 | D:2      | Reached XP level 4. HP: 24/24 MP: 4/8
  1555 | D:2      | Learned a level 2 spell: Swiftness
  1792 | D:2      | Reached skill level 5 in Air Magic
  2252 | D:3      | Noticed Natasha
  2258 | D:3      | Killed Natasha
  2258 | D:3      | Reached skill level 5 in Conjurations
  2324 | D:3      | Noticed asdu's ghost (weakling VSAs)
  2549 | D:3      | Noticed Natasha
  2557 | D:3      | Killed Natasha
  2557 | D:3      | Gained mutation: You can fly. [Tengu growth]
  2557 | D:3      | Reached XP level 5. HP: 26/28 MP: 4/9
  2819 | D:3      | Reached XP level 6. HP: 14/32 MP: 4/10
  2981 | D:3      | Noticed Natasha
  2984 | D:3      | Killed Natasha
  2984 | D:3      | Reached skill level 6 in Conjurations
  3016 | D:3      | Found a shattered altar of Ashenzari.
  3201 | D:3      | Killed asdu's ghost
  3201 | D:3      | Reached skill level 6 in Air Magic
  3294 | D:4      | Learned a level 4 spell: Airstrike
  3470 | D:4      | Noticed Blork the orc
  4133 | D:4      | Reached skill level 3 in Spellcasting
  4248 | D:4      | Reached XP level 7. HP: 26/36 MP: 3/12
  4310 | D:4      | Reached skill level 7 in Conjurations
  4519 | D:5      | Entered Level 5 of the Dungeon
  4527 | D:5      | Reached skill level 7 in Air Magic
  4855 | D:5      | Reached skill level 4 in Spellcasting
  5151 | D:5      | Reached XP level 8. HP: 41/41 MP: 13/15
  5371 | D:5      | Reached skill level 8 in Conjurations
  5467 | D:5      | Found a sacrificial altar of Ru.
  5708 | D:5      | Reached skill level 8 in Air Magic
  6277 | D:6      | Noticed Grinder
  6283 | D:6      | Killed Grinder
  6283 | D:6      | Reached skill level 5 in Spellcasting
  6401 | D:6      | Learned a level 5 spell: Lightning Bolt
  6518 | D:6      | Noticed Pikel
  6528 | D:6      | Killed Pikel
  6528 | D:6      | Reached skill level 9 in Conjurations
  6528 | D:6      | Reached skill level 9 in Air Magic
  6528 | D:6      | Reached XP level 9. HP: 33/45 MP: 0/18
  7097 | D:6      | Found a shattered altar of Ashenzari.
  7121 | D:6      | --woah, Pikel had a +2 robe of the archmagi!
  7204 | D:6      | Noticed Menkaure
  7221 | D:6      | Killed Menkaure
  7221 | D:6      | Reached skill level 6 in Spellcasting
  7758 | D:6      | Reached skill level 10 in Conjurations
  7924 | D:6      | Reached skill level 10 in Air Magic
  8885 | D:7      | Found a runed door.
  8889 | D:7      | Noticed Crazy Yiuf
  8892 | D:7      | Killed Crazy Yiuf
  9054 | D:7      | Reached skill level 7 in Spellcasting
  9309 | D:7      | Found a staircase to the Ecumenical Temple.
  9319 | Temple   | Entered the Ecumenical Temple
  9459 | Temple   | Became a worshipper of Sif Muna the Loreminder
  9751 | D:8      | Reached skill level 11 in Conjurations
  9751 | D:8      | Reached skill level 11 in Air Magic
  9751 | D:8      | Reached XP level 10. HP: 50/50 MP: 20/21
  9768 | D:7      | Learned a level 4 spell: Summon Lightning Spire
  9803 | D:8      | Reached skill level 1 in Summonings
  9858 | D:8      | Reached skill level 1 in Fighting
  9966 | D:8      | Reached skill level 2 in Summonings
 10210 | D:8      | Reached skill level 2 in Fighting
 10372 | D:8      | Noticed a two-headed ogre
 10395 | D:8      | Killed a two-headed ogre
 10395 | D:8      | Reached * piety under Sif Muna
 10395 | D:8      | Reached skill level 3 in Fighting
 10395 | D:8      | Reached skill level 3 in Summonings
 10624 | D:8      | Found a shattered altar of Ashenzari.
 10624 | D:8      | Found a faded altar of an unknown god.
 10629 | D:8      | Found a glowing silver altar of Zin.
 10631 | D:8      | Found a bloodstained altar of Trog.
 10632 | D:8      | Found a stormy altar of Qazlal.
 10825 | D:9      | Reached skill level 4 in Summonings
 10989 | D:9      | Reached skill level 8 in Spellcasting
 11043 | D:9      | Found a staircase to the Lair.
 11261 | D:9      | Reached skill level 4 in Fighting
 11266 | D:9      | Reached skill level 5 in Summonings
 11340 | D:9      | Noticed a skeletal warrior
 11340 | D:9      | Noticed a skeletal warrior
 11515 | D:9      | Reached ** piety under Sif Muna
 12036 | D:9      | Noticed a skeletal warrior
 12037 | D:9      | Noticed a skeletal warrior
 12055 | D:9      | Killed a skeletal warrior
 12055 | D:9      | Reached skill level 6 in Summonings
 12055 | D:9      | Reached XP level 11. HP: 62/62 MP: 22/24
 12091 | D:9      | Killed a skeletal warrior
 12091 | D:9      | Reached skill level 5 in Fighting
 12114 | D:9      | HP: 15/64 [skeletal warrior/halberd[a skeletal warrior] (16)]
 12115 | D:9      | Slain by a skeletal warrior

Skill      XL: |  1  2  3  4  5  6  7  8  9 10 11 |
---------------+----------------------------------+-----
Conjurations   | 2 3 4 5 6 7 9 11 | 11.0
Air Magic      | 5 6 7 9 11 | 11.0
Spellcasting   | 3 4 5 7 8 |  8.9
Summonings     | 6 |  6.5
Fighting       | 4 5 |  5.2
Dodging        | |  2.1
Stealth        | |  2.0

Action                   |  1- 3 |  4- 6 |  7- 9 | 10-12 || total
-------------------------+-------+-------+-------+-------++-------
Melee: Dagger            |       |     2 |    23 |     9 ||    34
       Peck              |       |     1 |     3 |     1 ||     5
       Kick              |       |       |     4 |     2 ||     6
 Cast: Shock             |    60 |   122 |   171 |    62 ||   415
       Airstrike         |       |     1 |    37 |    60 ||    98
       Lightning Bolt    |       |       |    11 |    14 ||    25
       Static Discharge  |       |       |       |     1 ||     1
Evoke: Wand              |       |       |     3 |     2 ||     5
  Use: Scroll            |     6 |     5 |     8 |     2 ||    21
       Potion            |       |     1 |       |       ||     1
 Stab: Sleeping          |       |     1 |       |     1 ||     2
  Eat: Chunk             |     2 |     9 |    27 |    13 ||    51
       Royal jelly       |       |       |       |     1 ||     1
Armor: Robe              |    11 |     4 |     7 |     5 ||    27
Dodge: Dodged            |    16 |    19 |    41 |    13 ||    89

Table legend:
 A = Turns spent in this place as a percentage of turns spent in the entire game.
 B = Non-inter-level travel turns spent in this place as a percentage of non-inter-level travel turns spent in the entire game.
 C = Inter-level travel turns spent in this place as a percentage of turns spent in this place.
 D = Turns resting spent in this place as a percentage of non-inter-level travel turns spent in this place.
 E = Turns spent auto-exploring this place as a percentage of non-inter-level travel turns spent in this place.
 F = Non-inter-level travel turns spent in this place divided by the number of levels of this place that you've seen.
                   A       B       C       D       E      F
               +-------+-------+-------+-------+-------+----------------------
         Total | 100.0 | 100.0 |   0.4 |   7.7 |   6.9 | 336.3
       Dungeon |  99.0 |  99.0 |   0.4 |   7.8 |   6.5 | 370.0
        Temple |   1.0 |   1.0 |   5.7 |   0.0 |  54.5 |  33.0
               +-------+-------+-------+-------+-------+----------------------

Vault maps used:
D:1:      zaba_arrival_water, serial_aquarium, aquarium_bridge_square,
          aquarium_window_2, aquarium_window_1, aquarium_window_2,
          aquarium_view_2a
D:3:      nicolae_ashenzari_panopticon, uniq_natasha
D:4:      first_bread, uniq_blork_the_orc
D:5:      kennysheep_mini, kennysheep_generic_room_15
D:6:      basic_altar, grunt_ministairs_11, uniq_pikel, uniq_grinder,
          uniq_menkaure
D:7:      temple_statues, uniq_crazy_yiuf_cottage
D:8:      chequers_temple_overflow_minitemple
D:9:      david_lair_shrubbed, the_bakery
Temple:   nicolae_temple_elliptical
